 Dungeon Crawl Stone Soup version 0.30.1-9-gdf580d7c3d (webtiles) character file.

Game seed: 11491885851676460215

16 Peloso the Covered (level 2, 27/27 HPs)
             Began as a Minotaur Fighter on Oct 16, 2023.
             Got out of the dungeon alive.
             The game lasted 00:01:03 (385 turns).

Peloso the Covered (Minotaur Fighter)                Turns: 385, Time: 00:01:04

Health: 27/27      AC:  7    Str: 20    XL:     2   Next: 41%
Magic:  0/0        EV:  9    Int:  5    God:
Gold:   27         SH:  4    Dex:  9    Spells: 1/1 levels left

rFire   . . .        a - +0 long sword
rCold   . . .        c - +0 buckler
rNeg    . . .        b - +0 scale mail
rPois   .            (helmet restricted)
rElec   .            (no cloak)
rCorr   .            (no gloves)
SInv    .            (no boots)
Will    .....        (no amulet) Stlth
                     (no ring)
HPRegen 0.24/turn    (no ring)
MPRegen 0.07/turn

%: no passive effects
@: on berserk cooldown, slowed, very slow
A: horns 2, retaliatory headbutt, low MP 1, teleportitis 1
a: no special abilities


You escaped.
You visited 1 branch of the dungeon, and saw 1 of its levels.

You collected 27 gold pieces.

Inventory:

Hand Weapons
 a - a +0 long sword (weapon)
Armour
 b - a +0 scale mail (worn)
 c - a +0 buckler (worn)
Jewellery
 g - a ring of flight
Scrolls
 e - 3 scrolls of identify {unknown}
 i - a scroll of magic mapping {unknown}
Potions
 d - a potion of might


   Skills:
 + Level 3.9 Fighting
 + Level 2.6 Long Blades
 + Level 4.1 Armour
 + Level 3.7 Shields


You had one spell level left.
You didn't know any spells.
Your spell library was empty.

Dungeon Overview and Level Annotations

Branches:
Dungeon (1/15)

Altars:


Innate Abilities, Weirdness & Mutations

You have a pair of horns on your head.
You reflexively headbutt those who attack you in melee.
Your magical capacity is low. (-10% MP)
You are occasionally teleported next to monsters.


Message History

The goblin is moderately wounded.
The goblin misses you. The goblin hits you with a +0 club.
You completely miss the goblin.
The goblin is moderately wounded.
The goblin closely misses you.
You barely miss the goblin. Your headbutt misses the goblin.
You block the goblin's attack.
You barely miss the goblin. The goblin hits you but does no damage.
You hit the goblin. You headbutt the goblin.
You kill the goblin!
Things that are here:
a +0 club; a goblin corpse
Found a scroll labelled GEM CEUPED.
Found a stone staircase leading down.
e - 2 scrolls labelled GEM CEUPED (gained 1)
Found a sling.
e - 3 scrolls labelled GEM CEUPED (gained 1) Done exploring.
Done exploring.
Done exploring.
Done exploring.
Done exploring.
It was a potion of berserk rage.
A red film seems to cover your vision as you go berserk!
You feel yourself moving faster!
You feel mighty!
You feel a strong urge to attack something.
You feel your anger nearly subside.
You are no longer berserk.
You are exhausted.
You feel yourself slow down.
It was a potion of mutation.
You feel extremely strange.
You feel less energetic.
You feel weirdly uncertain.
(D) Dungeon
Where to? (? - help)
What level of the Dungeon? (default 1, ? - help)
There is an open door here.
There is a staircase leading out of the dungeon here.
Are you sure you want to leave the Dungeon?
This will make you lose the game! [Y]es or [N]o only, please.
Are you sure you want to leave the Dungeon?
This will make you lose the game!
You have escaped!

###...........###..
##...............#..
##................#..
####.................... ###
##....................... ..##
###..#.)...................
...####...##.........(........##.
....#...##########.............##
........#~~~P~~.@#...).........##
....#.###~P~.....#.....#.......#.
...#..#.+.....~P~#.....##........
........#♣P.~P~~P#.....###..#.#..
#....######'######...............
##)#....##.......................
##†)..........(............##.#..
.................................
.....................>...####)##.


There were no monsters in sight!

Vanquished Creatures
  3 endoplasms (D:1)
  A giant cockroach (D:1)
  2 goblins (D:1)
  2 kobolds (D:1)
  2 quokkas (D:1)
  A ball python (D:1)
  A bat (D:1)
  A frilled lizard (D:1)
  A rat (D:1)
  A spectral goblin (D:1)
15 creatures vanquished.

Notes
Turn   | Place    | Note
-------+----------+-------------------------------------------
     0 | D:1      | Peloso the Minotaur Fighter began the quest for the Orb.
     0 | D:1      | Reached XP level 1. HP: 19/19 MP: 0/0
   108 | D:1      | Found a faded altar of an unknown god.
   146 | D:1      | Reached skill level 4 in Armour
   171 | D:1      | Reached XP level 2. HP: 27/27 MP: 1/1
   369 | D:1      | Gained mutation: Your magical capacity is low. (-10% MP)
                  | [potion of mutation]
   369 | D:1      | Gained mutation: You are occasionally teleported next to
                  | monsters. [potion of mutation]
   385 | D:$      | Got out of the dungeon alive.

Illustrated notes

Levels and vault maps discovered:
D:1:      tarquinn_simple_flora_water_f, layout_rooms,
          dreamdust_ecumenical_altar_drowned_temple, minmay_distorted

Skill      XL: |  1 |
---------------+----+-----
Armour         | 4 |  4.1
Fighting       | |  3.9
Long Blades    | |  2.6
Shields        | |  3.7

Action                     || total
---------------------------++-------
  Melee: Long sword        ||    36
         Headbutt          ||     4
    Use: Potion            ||     2
 Armour: Scale mail        ||    17
  Dodge: Dodged            ||    19
  Block: Buckler           ||     6
